 Dungeon Crawl Stone Soup version 0.19.4 (webtiles) character file.

130491 dngmouse the Warrior (level 17, -14/144 HPs)
             Began as a Formicid Fighter on Feb 4, 2017.
             Was the Champion of Lugonu.
             Demolished by a wolf spider (23 damage)
             ... on level 4 of the Spider Nest.
             The game lasted 02:56:13 (36253 turns).

dngmouse the Warrior (Formicid Fighter)            Turns: 36253, Time: 02:56:16

Health: -14/144    AC: 33    Str: 37    XL:     17   Next: 64%
Magic:  4/23       EV: 21    Int: 14    God:    Lugonu [******]
Gold:   473        SH: 15    Dex: 24    Spells: 5 memorised, 3 levels left

rFire  + . .     SeeInvis +     a - +6 lajatang "Molul" {drain, Str+6}
rCold  + . .     Gourm    .     d - +1 gold dragon scales of Hajezxul {rPois rF+ rC+ Int+6} (curse)
rNeg   . . .     Faith    .     c - +0 shield
rPois  +         Spirit   .     (helmet unavailable)
rElec  .         Reflect  .     o - +0 cloak
rCorr  .         Harm     .     D - +1 pair of gloves
MR     +....                    u - +1 pair of boots of the Journeyman {Str+8}
Stlth  ..........               E - amulet of regeneration
                                X - +3 ring of protection
                                n - +4 ring of dexterity

@: agile
A: permanent stasis, dig shafts and tunnels, four strong arms, antennae 3,
hooves 1, molten scales 1, mutation resistance 1, sturdy frame 1
a: Dig, Shaft Self, Depart the Abyss, Bend Space, Banish, Corrupt, Enter the
Abyss, Brand Weapon With Distortion, Renounce Religion


You were on level 4 of the Spider Nest.
You worshipped Lugonu.
Lugonu was exalted by your worship.
You were not hungry.

You visited 5 branches of the dungeon, and saw 26 of its levels.
You also visited: Volcano.

You collected 3176 gold pieces.
You spent 2703 gold pieces at shops.

Inventory:

Hand Weapons
 a - the +6 lajatang "Molul" (weapon) {drain, Str+6}
   (You found it on level 6 of the Lair of Beasts)

   A truly terrible weapon, it drains the life of those it strikes.
   It affects your strength (+6).
Missiles
 O - 33 tomahawks (quivered)
Armour
 c - a +0 shield (worn)
 d - the cursed +1 gold dragon scales of Hajezxul (worn) {rPois rF+ rC+ Int+6}
   (You bought it in a shop on level 5 of the Dungeon)

   It affects your intelligence (+6).
   It protects you from fire.
   It protects you from cold.
   It protects you from poison.
   It has a curse placed upon it.
 o - a +0 cloak (worn)
 u - the +1 pair of boots of the Journeyman (worn) {Str+8}
   (You bought it in a shop on level 5 of the Dungeon)

   It affects your strength (+8).
 D - a +1 pair of gloves (worn)
Jewellery
 n - a +4 ring of dexterity (left hand)
 w - an uncursed ring of positive energy
 y - an uncursed ring of magical power
 B - an uncursed amulet of magic regeneration
 E - an amulet of regeneration (around neck)
 J - an uncursed ring of flight
 X - a +3 ring of protection (right hand)
Wands
 j - a wand of heal wounds (1/9)
 r - a wand of slowing (33/48)
 x - a wand of digging (24/24)
 z - a wand of lightning (8/15)
 T - a wand of confusion (26/48)
 V - a wand of random effects (21/48)
Scrolls
 e - 15 scrolls of identify
 g - 11 scrolls of remove curse
 p - 5 scrolls of recharging
 s - 4 scrolls of enchant armour
 t - 5 scrolls of magic mapping
 C - a scroll of fear
 R - 3 scrolls of fog
Potions
 h - 4 potions of flight
 k - a potion of lignification
 v - a potion of cancellation
 A - a potion of heal wounds
 F - 4 potions of curing
 G - a potion of resistance
 K - 2 potions of magic
 L - 5 potions of brilliance
 S - 2 potions of agility
Comestibles
 b - 23 fruits
 f - 18 bread rations
 i - a royal jelly
 l - a chunk of flesh
 m - 6 beef jerkies
 q - 11 meat rations
 I - 9 slices of pizza


   Skills:
 + Level 16.1 Fighting
 - Level 14.0 Staves
 + Level 15.9 Armour
 + Level 10.0 Dodging
 - Level 0.3 Stealth
 - Level 10.0 Shields
 - Level 10.0 Hexes
 - Level 8.0 Invocations


You had 3 spell levels left.
You knew the following spells:

 Your Spells              Type           Power        Failure   Level  Hunger
a - Slow                  Hex            ####....     4%          2    ###....
b - Tukima's Dance        Hex            ####....     10%         3    ####...
c - Confuse               Hex            ####....     10%         3    ####...
d - Cause Fear            Hex            ####......   30%         4    #####..
e - Confusing Touch       Hex            ####..       2%          1    ##.....


Dungeon Overview and Level Annotations

Branches:
Dungeon (13/15)            Temple (1/1) D:4            Lair (6/6) D:8
 Shoals (0/4) Lair:3       Spider (4/4) Lair:4        Slime (0/5) Lair:5
    Orc (2/2) D:9             Elf (0/3) Orc:2
 Vaults: D:13-14

Altars:
Ashenzari
Cheibriados
Dithmenos
Elyvilon
Fedhas
Gozag
Hepliaklqana
Kikubaaqudgha
Makhleb
Nemelex Xobeh
Okawaru
Qazlal
Ru
Sif Muna
Trog
Uskayaw
Vehumet
Xom
Yredelemnul
Zin
The Shining One
Jiyva
Lugonu

Shops:
D:5 *   D:9 ([   Orc:1 }   Orc:2 ?(}[**[

Portals:
Hell: Lair:6
Pandemonium: Orc:2

Annotations:
Orc:2 1 exclusion


Innate Abilities, Weirdness & Mutations

You are under a permanent stasis effect.
You can dig through walls and to a lower floor.
Your four strong arms can wield two-handed weapons with a shield.
You have a pair of large antennae on your head. (SInv)
You have large cloven feet.
You are partially covered in molten scales. (AC +2)
You are somewhat resistant to further mutation.
Your movements are slightly less encumbered by armour. (ER -2)


Message History

You block the wolf spider's attack. You block the spark wasp's attack.
The wolf spider hits you!!
* * * LOW HITPOINT WARNING * * *
The wolf spider completely misses you. x2; The wolf spider bites you.
* * * LOW HITPOINT WARNING * * *
The wolf spider closely misses you. You block the wolf spider's attack.
The spark wasp stings you!
* * * LOW HITPOINT WARNING * * *
The spark wasp shocks you!
* * * LOW HITPOINT WARNING * * *
Evoke which item? (* to show all) (? for menu, Esc to quit)
Zapping:
j - a wand of heal wounds (2/9)
Press: ? - help, Shift-Dir - straight line, f - you You feel much better.
This wand has 1 charge left.
The wolf spider looks more energetic.
The wolf spider hits you!!
* * * LOW HITPOINT WARNING * * *
The wolf spider bites you!
* * * LOW HITPOINT WARNING * * *
You block the wolf spider's attack. x2; The wolf spider hits you!!
You die...

^.^...≈#
#....^#
##††...# {
##^.†...#
#.†....^##
#.ss....^#{
#sssy....#
##sss....# {
#@ss....#
##ys.^..#
#..#.#.#
##.....####
#^.....#^## {
#......#..##
#...†^≈#^..####
#^^†.†.#......#
...
#^.....#^....^#


You could see a spark wasp, 4 wolf spiders, a moth of wrath, an orb spider, 2
jumping spiders, a tarantella (berserk) and 3 redbacks.

Vanquished Creatures
  Kirke (Spider:4)
  A ghost moth (Spider:4)
  3 emperor scorpions
  2 orc warlords
  3 entropy weavers (Spider:1)
  3 spark wasps (Spider:4)
  Snorg (D:10)
  8 hydras
  A hell beast (Lair:6)
  A dancing weapon (Volcano)
  5 orc high priests
  Urug (Lair:5)
  A sun demon (Orc:2)
  Nergalle (D:10)
  3 skeletal warriors
  2 infernal demonspawn (Orc:2)
  An unseen horror (D:11)
  2 torturous demonspawn
  5 wizards
  4 hill giants
  5 orc knights
  16 orb spiders
  36 wolf spiders
  An oklob plant (Lair:6)
  7 orc sorcerers (Orc:2)
  3 cyclopes (D:11)
  A manticore (D:12)
  4 ugly things
  3 moths of wrath
  4 black mambas
  5 toenail golems (Volcano)
  4 sirens (Lair:3)
  A torpor snail (Spider:4)
  An orange demon (Lair:6)
  14 spiny frogs
  3 rime drakes (Lair:6)
  2 gargoyles
  3 komodo dragons
  4 demonic crawlers
  4 ice devils
  2 hellwings
  28 jumping spiders
  A troll (Orc:1)
  4 red devils
  A polar bear (Lair:2)
  3 hornets
  Prince Ribbit (D:7)
  4 slime creatures (D:12)
  20 blink frogs
  8 dream sheep (Lair:6)
  12 hippogriffs
  Sigmund (D:4)
  51 redbacks
  2 spriggans
  26 tarantellas
  A ynoxinul (Orc:1)
  17 yaks
  A shadow (D:11)
  A wraith (D:11)
  A wyvern (D:9)
  3 basilisks
  3 vampire mosquitoes (D:12)
  A neqoxec (Orc:2)
  5 hungry ghosts
  2 soldier ants
  15 wargs
  Menkaure (D:7)
  Duvessa (D:4)
  A hell hound (Lair:6)
  19 water moccasins
  37 orc warriors
  9 porcupines
  4 ice beasts
  9 sky beasts
  A black bear (D:6)
  11 ogres
  2 phantoms
  5 wolves (Lair:6)
  18 crocodiles
  10 centaurs
  18 bullfrogs
  2 big kobolds
  2 gnoll sergeants
  Dowan (D:4)
  2 wyvern skeletons
  9 scorpions
  5 wights (D:11)
  3 electric eels
  7 howler monkeys
  3 crimson imps
  2 bullfrog skeletons
  3 centaur zombies (D:11)
  2 lava snakes (D:11)
  3 bullfrog zombies
  3 jellies
  22 orc priests
  3 centaur skeletons
  5 hounds
  24 orc wizards
  A gnoll shaman (D:5)
  5 iguanas
  6 worker ants
  4 hound skeletons
  3 worker ant zombies
  19 gnolls
  4 adders
  4 shadow imps
  3 oozes
  An adder skeleton (D:6)
  4 worms
  A dart slug (D:1)
  6 leopard geckos
  108 orcs
  4 bats
  4 giant cockroaches
  8 goblins
  7 hobgoblins
  10 jackals
  7 quokkas
  5 frilled lizards
  13 kobolds
  A quokka skeleton (D:6)
  12 rats
  2 fungi (D:8)
873 creatures vanquished.

Vanquished Creatures (others)
  A wizard (Volcano)
  An orb spider (Spider:2)
  A jumping spider (Spider:1)
  A tarantella (Spider:3)
  3 humans (Spider:4)
  An orc (D:11)
  15 fungi
  6 plants
29 creatures vanquished.

Grand Total: 902 creatures vanquished

Notes
Turn   | Place    | Note
-------+----------+-------------------------------------------
     0 | D:1      | dngmouse the Formicid Fighter began the quest for the Orb.
     0 | D:1      | Reached XP level 1. HP: 18/18 MP: 1/1
    90 | D:1      | Reached XP level 2. HP: 20/24 MP: 2/2
   587 | D:1      | Reached XP level 3. HP: 29/29 MP: 3/3
   961 | D:2      | Reached XP level 4. HP: 33/35 MP: 4/4
  1254 | D:2      | You fall through a shaft!
  1472 | D:3      | Reached XP level 5. HP: 38/41 MP: 5/5
  1476 | D:3      | Reached skill level 5 in Shields
  1558 | D:3      | Reached XP level 6. HP: 36/47 MP: 6/6
  1761 | D:3      | Noticed an angel
  1763 | D:3      | Found a glowing silver altar of Zin.
  1851 | D:3      | Found a shimmering altar of Xom.
  2038 | D:4      | Reached skill level 5 in Staves
  2335 | D:4      | Noticed a phantom
  2366 | D:4      | Killed a phantom
  2366 | D:4      | Reached XP level 7. HP: 19/52 MP: 7/7
  2565 | D:4      | Found a blossoming altar of Fedhas.
  2821 | D:4      | Got a sparkling jade amulet
  2823 | D:4      | Identified the amulet of Trepidation {Harm *Drain Int+3 Stlth+} (You found it on level 4 of the Dungeon)
  2925 | D:4      | Found a sacrificial altar of Ru.
  2925 | D:4      | Found a faded altar of an unknown god.
  2930 | D:4      | Noticed Duvessa
  2931 | D:4      | Found a faded altar of an unknown god.
  2938 | D:4      | Noticed Dowan
  2949 | D:4      | Killed Duvessa
  2949 | D:4      | Reached XP level 8. HP: 39/58 MP: 8/8
  2957 | D:4      | Killed Dowan
  2969 | D:4      | Found a faded altar of an unknown god.
  2970 | D:4      | Found a faded altar of an unknown god.
  3063 | D:4      | Noticed Sigmund
  3103 | D:4      | Killed Sigmund
  3109 | D:4      | Found a staircase to the Ecumenical Temple.
  3116 | Temple   | Entered the Ecumenical Temple
  3157 | Temple   | Became a worshipper of Lugonu the Unformed
  3157 | Temple   | Reached * piety under Lugonu
  3212 | D:5      | Entered Level 5 of the Dungeon
  3430 | D:5      | Reached skill level 1 in Invocations
  3756 | D:5      | Found a burning altar of Makhleb.
  3782 | D:5      | Found Jetyfi's Assorted Antiques.
  3806 | D:5      | Bought a pair of distressingly furry boots for 209 gold pieces
  3816 | D:5      | Identified the +1 pair of boots of the Journeyman {Str+8} (You bought it in a shop on level 5 of the Dungeon)
  4420 | D:6      | Reached XP level 9. HP: 63/64 MP: 10/10
  4846 | D:6      | Reached ** piety under Lugonu
  5382 | D:6      | Found an ancient bone altar of Kikubaaqudgha.
  5389 | D:6      | Found a deep blue altar of Sif Muna.
  5390 | D:6      | Found a radiant altar of Vehumet.
  5397 | D:6      | Identified Sif Muna's Compendium of Malediction
  5487 | D:6      | Learned a level 1 spell: Confusing Touch
  5686 | D:7      | Found an opulent altar of Gozag.
  5686 | D:7      | Found a sparkling altar of Nemelex Xobeh.
  5708 | D:7      | Gained mutation: Your mind is acute. (Int +2) [potion of beneficial mutation]
  6061 | D:7      | Noticed Prince Ribbit
  6080 | D:7      | Lost mutation: Your mind is acute. (Int +2) [potion of cure mutation]
  6343 | D:7      | Gained mutation: You occasionally shout uncontrollably at your foes. [mutagenic meat]
  6345 | D:7      | Gained mutation: Your spells are a little harder to cast, but a little more powerful. [mutagenic meat]
  6345 | D:7      | Noticed Menkaure
  6352 | D:7      | Reached skill level 10 in Staves
  6354 | D:7      | Killed Menkaure
  6354 | D:7      | Reached skill level 4 in Fighting
  6354 | D:7      | Reached skill level 5 in Invocations
  6354 | D:7      | Reached XP level 10. HP: 35/71 MP: 13/13
  6641 | D:7      | Killed Prince Ribbit
  6788 | D:7      | Gained mutation: You have large cloven feet. [mutagenic meat]
  6789 | D:7      | Gained mutation: Your system is resistant to poisons. (rPois) [mutagenic meat]
  6790 | D:7      | Gained mutation: Your movements are slightly less encumbered by armour. (ER -2) [mutagenic meat]
  6791 | D:7      | Gained mutation: You are frail. (-10% HP) [mutagenic meat]
  6932 | D:8      | Reached skill level 5 in Fighting
  6951 | D:8      | Found a staircase to the Lair.
  7075 | D:8      | Found a shattered altar of Ashenzari.
  7075 | D:8      | Found a basalt altar of Yredelemnul.
  7134 | D:8      | Reached *** piety under Lugonu
  7195 | D:8      | Got a brightly glowing ring mail
  7196 | D:8      | Identified the +0 ring mail of Wasted Space {rElec Int+3 SInv} (You found it on level 8 of the Dungeon)
  7513 | D:8      | Found an iron altar of Okawaru.
  7514 | D:8      | Found a bloodstained altar of Trog.
  7619 | D:9      | Found a shimmering altar of Xom.
  8064 | D:9      | Reached skill level 6 in Fighting
  8076 | D:9      | Found a hazy altar of Hepliaklqana.
  8385 | D:9      | Found Ymotujop's Weapon Shoppe.
  8406 | D:9      | Found a staircase to the Orcish Mines.
  8408 | D:9      | Found Rycoq's Armour Shoppe.
  8673 | D:10     | Entered Level 10 of the Dungeon
  8724 | D:10     | Reached skill level 5 in Armour
  8724 | D:10     | Reached XP level 11. HP: 72/73 MP: 14/14
  8743 | D:10     | Gained mutation: Your body sometimes deteriorates upon taking damage. [mutagenic meat]
  8744 | D:10     | Gained mutation: You sometimes yell uncontrollably at your foes. [mutagenic meat]
  8746 | D:10     | Gained mutation: You have hoof-like feet. [mutagenic meat]
  8747 | D:10     | Gained mutation: You are partially covered in molten scales. (AC +2) [mutagenic meat]
  8756 | D:10     | Noticed Nergalle
  8768 | D:10     | Killed Nergalle
  8771 | D:10     | Noticed a hill giant
  8776 | D:10     | Killed a hill giant
  8904 | D:10     | Reached skill level 7 in Fighting
  9235 | D:10     | Noticed Snorg
  9288 | D:10     | Killed Snorg
  9594 | D:10     | Reached **** piety under Lugonu
  9680 | D:11     | Noticed a hill giant
  9765 | D:11     | Noticed an unseen horror
  9962 | D:11     | Killed an unseen horror
 10160 | D:11     | Reached skill level 8 in Fighting
 10625 | D:11     | Noticed a cyclops
 10675 | D:10     | Killed a hill giant
 10675 | D:10     | Reached XP level 12. HP: 46/83 MP: 15/15
 11748 | D:11     | Reached skill level 9 in Fighting
 11854 | D:11     | Noticed an orc warlord
 11893 | D:11     | Reached ***** piety under Lugonu
 12310 | D:11     | Reached skill level 1 in Dodging
 13804 | D:11     | Noticed a frost giant
 14055 | D:12     | Noticed a skeletal warrior
 14294 | D:12     | Noticed a skeletal warrior
 14298 | D:12     | Noticed a skeletal warrior
 14311 | D:12     | Reached XP level 13. HP: 47/92 MP: 17/17
 14436 | D:11     | Reached skill level 10 in Fighting
 15011 | D:12     | Reached ****** piety under Lugonu
 15615 | D:12     | Reached skill level 10 in Armour
 15943 | D:12     | Found a burning altar of Makhleb.
 16190 | Orc:1    | Entered Level 1 of the Orcish Mines
 16195 | Orc:1    | Found Peohipn's Gadget Emporium.
 16589 | Orc:1    | Reached skill level 5 in Dodging
 16894 | Orc:1    | Found a bloodstained altar of Trog.
 16959 | Orc:2    | Entered Level 2 of the Orcish Mines
 16963 | Orc:2    | Noticed an orc warlord
 17044 | D:10     | Killed an orc warlord
 17044 | D:10     | Reached skill level 11 in Fighting
 17508 | Orc:2    | Lost mutation: You are frail. (-10% HP) [potion of cure mutation]
 17508 | Orc:2    | Lost mutation: Your body sometimes deteriorates upon taking damage. [potion of cure mutation]
 17508 | Orc:2    | Lost mutation: You sometimes yell uncontrollably at your foes. [potion of cure mutation]
 17508 | Orc:2    | Lost mutation: Your spells are a little harder to cast, but a little more powerful. [potion of cure mutation]
 17508 | Orc:2    | Lost mutation: You have hoof-like feet. [potion of cure mutation]
 17508 | Orc:2    | Lost mutation: You occasionally shout uncontrollably at your foes. [potion of cure mutation]
 17508 | Orc:2    | Lost mutation: Your system is resistant to poisons. (rPois) [potion of cure mutation]
 17509 | Orc:2    | Gained mutation: You are somewhat resistant to further mutation. [potion of beneficial mutation]
 18030 | Orc:2    | Killed an orc warlord
 18294 | Orc:2    | Found Careocw's Weapon Shoppe.
 18445 | Orc:2    | Found a staircase to the Elven Halls.
 18479 | Orc:2    | Found Dikazeno's Armour Shop.
 18510 | Orc:2    | Found Zoyng's Magic Scroll Emporium.
 19767 | Orc:2    | Found Ysulycarr's General Store.
 19775 | Orc:2    | Found Wybli's General Store.
 20359 | Orc:2    | Reached XP level 14. HP: 114/114 MP: 18/18
 20909 | Orc:2    | Reached skill level 12 in Fighting
 21735 | Orc:2    | Found Nalo's Antique Armour Shop.
 21735 | Orc:2    | Found a one-way gate leading to the halls of Pandemonium.
 21735 | Orc:2    | Found Ephisig's Gadget Boutique.
 21980 | Lair:1   | Entered Level 1 of the Lair of Beasts
 22002 | Lair:1   | Identified the Disquisition on Fascination
 24201 | Lair:3   | Identified the Volume of Unstable Enchantment
 24303 | Lair:3   | Found a dark tunnel.
 24346 | Volcano  | Entered a volcano
 24378 | Volcano  | Reached skill level 13 in Fighting
 24378 | Volcano  | Reached XP level 15. HP: 110/123 MP: 21/21
 26000 | D:5      | Bought shimmering gold dragon scales for 1870 gold pieces
 26014 | D:5      | Identified the cursed +1 gold dragon scales of Hajezxul {rPois rF+ rC+ Int+6} (You bought it in a shop on level 5 of the Dungeon)
 26546 | Lair:3   | Found a staircase to the Shoals.
 26993 | Lair:4   | Reached skill level 10 in Shields
 27302 | Lair:4   | Reached skill level 1 in Hexes
 27401 | Lair:4   | Found a hole to the Spider Nest.
 27808 | Lair:5   | Noticed Urug
 27818 | Lair:5   | Killed Urug
 28232 | Lair:5   | Found a viscous altar of Jiyva.
 28233 | Lair:5   | Found a staircase to the Slime Pits.
 28595 | Lair:6   | Entered Level 6 of the Lair of Beasts
 28623 | Lair:6   | Found a white marble altar of Elyvilon.
 29271 | Lair:6   | Reached skill level 14 in Fighting
 29699 | Lair:6   | Found a burning altar of Makhleb.
 29723 | Lair:6   | Reached skill level 5 in Hexes
 29953 | Lair:6   | Found a gateway to Hell.
 30053 | Lair:6   | Got a crystal lajatang
 30054 | Lair:6   | Identified the +6 lajatang "Molul" {drain, Str+6} (You found it on level 6 of the Lair of Beasts)
 30126 | Lair:6   | Reached XP level 16. HP: 133/133 MP: 22/22
 30356 | Lair:1   | Learned a level 3 spell: Tukima's Dance
 30361 | Lair:1   | Learned a level 4 spell: Cause Fear
 30365 | Lair:1   | Learned a level 3 spell: Confuse
 30515 | Orc:2    | Bought a wand of heal wounds (4/9) for 624 gold pieces
 30724 | Spider:1 | Entered Level 1 of the Spider Nest
 32051 | Lair:1   | Learned a level 2 spell: Slow
 33989 | Spider:2 | Reached skill level 15 in Fighting
 34615 | Spider:3 | Reached skill level 15 in Armour
 35312 | Spider:3 | Reached XP level 17. HP: 137/142 MP: 23/23
 35401 | Spider:4 | Entered Level 4 of the Spider Nest
 35521 | Spider:4 | Noticed Kirke
 35537 | Spider:4 | Killed Kirke
 35657 | Spider:4 | Reached skill level 10 in Hexes
 36205 | Spider:4 | Reached skill level 16 in Fighting
 36232 | Spider:4 | Reached skill level 10 in Dodging
 36253 | Spider:4 | Demolished by a wolf spider

Skill      XL: |  1  2  3  4  5  6  7  8  9 10 11 12 13 14 15 16 17 |
---------------+----------------------------------------------------+-----
Shields        | 4 5 6 7 9 10 | 10.0
Staves         | 3 4 5 6 8 10 11 13 14 | 14.0
Invocations    | 2 5 6 8 |  8.0
Fighting       | 4 6 8 9 11 13 14 15 16 | 16.1
Armour         | 5 7 9 11 12 13 15 | 15.9
Dodging        | 3 6 8 9 10 | 10.0
Hexes          | 5 9 10 | 10.0
Stealth        | |  0.3

Action                   |  1- 3 |  4- 6 |  7- 9 | 10-12 | 13-15 | 16-18 || total
-------------------------+-------+-------+-------+-------+-------+-------++-------
Melee: Quarterstaff      |    71 |   185 |   397 |  1069 |  1916 |       ||  3638
       Lajatang          |       |       |       |       |     4 |   637 ||   641
 Cast: Confusing Touch   |       |       |       |       |       |     4 ||     4
       Confuse           |       |       |       |       |       |     2 ||     2
Invok: Bend Space        |       |       |       |     7 |     3 |     1 ||    11
 Abil: Dig               |       |       |     4 |       |       |       ||     4
Evoke: Wand              |       |       |       |     6 |     2 |     8 ||    16
  Use: Potion            |       |     1 |    10 |     8 |     3 |     2 ||    24
       Scroll            |       |       |    12 |     3 |    10 |     3 ||    28
 Stab: Invisible         |       |       |     1 |       |       |       ||     1
       Confused          |       |       |       |       |     1 |       ||     1
  Eat: Chunk             |       |     5 |    16 |    38 |    46 |    21 ||   126
       Fruit             |       |       |     2 |     3 |     5 |       ||    10
Armor: Scale mail        |    10 |    68 |    42 |       |       |       ||   120
       Plate armour      |       |       |    49 |   276 |   323 |       ||   648
       Gold dragon scale |       |       |       |       |   145 |   413 ||   558
Dodge: Dodged            |    24 |    47 |    90 |   170 |   500 |   491 ||  1322
Block: Shield            |    25 |    74 |   201 |   473 |   805 |   608 ||  2186
